Map: Nightscape LE

Players

SilentGait

  • Race: Protoss Protoss

CaptainSqrt

  • Race: Terran Terran
  • League: Diamond

qqq - Winner!

  • Race: Zerg Zerg

Massa - Winner!

  • Race: Terran Terran
  • League: Platinum

VOD

Have the link to the VOD?

Description

Time

  • Played on: April 28, 2021, 4:10 p.m.
  • Length: 15:04
Show
View Real Time Build Order
Export as new Build Order

SilentGait Protoss 

Build Orders: Colossus Rush 

Get SALT Encoding   

  12  0:00  Probe  
  13  0:12  Probe  
  14  0:19  Pylon  
  14  0:25  Probe (Chrono Boost)  
  15  0:38  Probe (Chrono Boost)  
  15  0:40  Gateway  
  16  0:45  Probe (Chrono Boost)  
  16  0:47  Assimilator  
  17  0:52  Probe  
  18  0:57  Assimilator  
  18  1:04  Probe (Chrono Boost)  
  19  1:13  Probe (Chrono Boost)  
  19  1:17  Pylon  
  20  1:18  Probe (Chrono Boost)  
  21  1:30  Probe  
  22  1:33  Cybernetics Core  
  22  1:52  Forge  
  22  2:07  Warp Gate (Chrono Boost)  
  22  2:12  Nexus  
  22  2:14  Probe  
  23  2:20  Pylon  
  23  2:31  Robotics Facility  
  23  2:40  Photon Cannon  
  23  2:50  Gateway  
  23  2:59  Gateway  
  23  3:02  Probe  
  24  3:14  Probe  
  25  3:20  Robotics Bay  
  25  3:21  Observer  
  25  3:26  Probe (Chrono Boost)  
  28  3:31  Probe (Chrono Boost)  
  28  3:37  Probe (Chrono Boost)  
  28  3:40  Probe (Chrono Boost)  
  30  3:42  Shield Battery  
  30  3:44  Pylon  
  30  3:49  Warp Prism (Chrono Boost)  
  32  4:05  Zealot x2  
  32  4:06  Zealot  
  34  4:33  Stalker x2  
  34  4:38  Colossus (Chrono Boost)  
  38  4:39  Extended Thermal Lance (Chrono Boost)  
  38  4:43  Probe  
  43  4:52  Stalker  
  45  5:11  Probe x2  
  45  5:23  Probe  
  45  5:24  Probe, Colossus  
  53  5:35  Probe  
  54  5:36  Probe  
  55  5:49  Probe (Chrono Boost)  
  56  5:55  Probe (Chrono Boost)  
  57  5:58  Assimilator x2  
  57  5:59  Protoss Ground Weapons Level 1  
  59  6:04  Twilight Council  
  59  6:05  Probe x2 (Chrono Boost)  
  59  6:09  Probe (Chrono Boost), Robotics Facility  
  59  6:11  Probe  
  59  6:36  Probe (Chrono Boost), Nexus  
  59  6:38  Pylon  
  59  6:39  Pylon  
  61  6:41  Pylon  
  61  6:42  Probe (Chrono Boost)  
  61  6:46  Probe (Chrono Boost)  
  62  6:48  Charge  
  62  6:55  Probe  
  62  6:56  Probe, Disruptor (Chrono Boost)  
  62  6:59  Photon Cannon  
  67  7:01  Shield Battery  
  67  7:04  Gateway  
  67  7:08  Probe  
  68  7:18  Photon Cannon  
  68  7:20  Gateway  
  68  7:21  Gateway  
  68  7:28  Zealot x3  
  74  7:43  Photon Cannon  
  66  7:46  Photon Cannon  
  66  7:47  Shield Battery  
  66  7:51  Photon Cannon  
  60  7:53  Pylon  
  60  7:55  Pylon  
  60  7:57  Probe x3  
  63  7:58  Pylon  
  61  8:25  Stalker x5  
  71  8:28  Photon Cannon  
  71  8:31  Shield Battery  
  71  8:33  Shield Battery, Stalker  
  75  8:43  Probe (Chrono Boost)  
  75  8:46  Probe x2 (Chrono Boost)  
  76  8:51  Photon Cannon  
  76  8:52  Probe (Chrono Boost)  
  79  8:55  Probe x2 (Chrono Boost)  
  79  8:58  Shield Battery  
  79  9:03  Protoss Ground Weapons Level 2 (Chrono Boost)  
  79  9:05  Probe x2  
  79  9:07  Colossus (Chrono Boost), Blink  
  81  9:12  Disruptor (Chrono Boost)  
  90  9:19  Probe x2  
  83  9:48  Stalker x3  
  83  9:49  Stalker x3  
  83  9:50  Probe x2  
  83  9:52  Assimilator  
  97  9:53  Assimilator  
  97  9:55  Colossus (Chrono Boost)  
  103  10:05  Colossus (Chrono Boost)  
  109  10:13  Probe  
  110  10:16  Probe x2  
  112  10:25  Probe  
  113  10:28  Probe x2  
  115  10:37  Probe  
  115  10:40  Probe x2  
  118  10:59  Stalker x3  
  118  11:03  Pylon  
  124  11:05  Pylon  
  124  11:06  Observer  
  124  11:10  Pylon  
  122  11:12  Pylon  
  122  11:13  Pylon  
  113  11:25  Observer  
  113  11:38  Stalker x3  
  113  11:39  Stalker x3  
  93  12:20  Stalker  
  93  12:21  Stalker x5  
  79  12:59  Stalker  
  79  13:00  Stalker x5  
  91  13:07  Stargate  
  91  13:09  Stargate  
  91  13:17  Gateway  
  90  13:20  Gateway  
  90  13:22  Gateway  
  90  13:24  Dark Shrine  
  86  13:37  Stalker x6  
  91  13:45  Void Ray x2 (Chrono Boost)  
  89  14:02  Stalker x2  
  89  14:03  Stalker x4  
  100  14:13  Colossus (Chrono Boost)  
  100  14:15  Colossus (Chrono Boost)  
  87  14:39  Dark Templar x3  
Show
View Real Time Build Order
Export as new Build Order

CaptainSqrt Terran 

Build Orders:  

Get SALT Encoding   

  12  0:00  SCV  
  13  0:12  SCV  
  14  0:17  Supply Depot  
  14  0:24  SCV  
  15  0:39  SCV  
  15  0:40  Barracks  
  16  0:44  Refinery  
  16  0:51  SCV  
  17  1:05  SCV  
  18  1:17  SCV, Supply Depot  
  19  1:29  SCV  
  20  1:43  Command Center  
  20  1:46  SCV  
  21  1:54  Reaper  
  22  1:58  Refinery  
  22  2:07  Orbital Command  
  21  2:26  Reaper  
  22  2:32  Barracks, Factory  
  22  2:42  SCV  
  23  2:54  SCV  
  24  3:04  Barracks  
  24  3:05  Reaper, Engineering Bay  
  25  3:06  SCV  
  26  3:14  Orbital Command  
  26  3:18  Factory Tech Lab  
  26  3:21  SCV  
  26  3:23  Barracks Tech Lab  
  27  3:33  SCV  
  28  3:36  Barracks  
  28  3:41  SCV  
  28  3:45  SCV  
  30  3:53  SCV  
  31  3:58  Orbital Command  
  31  3:59  Widow Mine, Marine  
  31  4:03  Bunker  
  27  4:10  Marine  
  27  4:11  Marine  
  29  4:22  Marine  
  29  4:24  SCV, Marine  
  33  4:28  Marine  
  33  4:30  Marine  
  36  4:31  Stimpack  
  36  4:39  Siege Tank  
  36  4:40  Marine  
  36  4:42  Marine  
  39  5:02  Marine x4  
  43  5:07  Bunker  
  43  5:12  Bunker  
  43  5:20  Barracks Tech Lab  
  43  5:22  Barracks Reactor  
  43  5:23  Missile Turret  
  43  5:28  Starport  
  43  5:42  Marine x2  
  43  5:43  Marine  
  43  5:44  Orbital Command  
  45  6:01  Marine  
  45  6:04  Combat Shield  
  46  6:17  Supply Depot  
  46  6:19  Supply Depot  
  46  6:20  Supply Depot  
  46  6:36  Missile Turret  
  46  6:38  SCV x2, Marine x2, Siege Tank  
  46  6:39  Marine  
  54  6:40  Marine  
  55  6:47  Medivac  
  55  6:49  Concussive Shells  
  55  6:50  SCV x2  
  59  6:55  Refinery  
  59  6:56  Refinery  
  59  6:57  Marine  
  59  6:59  Supply Depot  
  60  7:02  SCV x2  
  62  7:14  SCV x2  
  62  7:29  Marine x3, Medivac  
  67  7:50  Marine  
  67  7:51  Widow Mine, Command Center  
  65  7:59  Medivac  
  67  8:08  Marine x3  
  67  8:09  Marauder x2  
  74  8:22  Missile Turret  
  74  8:23  Missile Turret  
  74  8:24  Missile Turret x4  
  74  8:26  Widow Mine, Marine x2  
  78  8:34  Terran Infantry Weapons Level 1  
  78  8:37  Engineering Bay  
  78  8:48  Marine  
  78  8:49  Supply Depot  
  78  8:50  Marine, Supply Depot  
  78  8:51  Supply Depot  
  78  8:53  Supply Depot  
  78  9:02  Marine  
  80  9:03  Marauder x2  
  80  9:04  Terran Infantry Armor Level 1  
  83  9:19  Siege Tank  
  83  9:20  Medivac  
  90  9:24  Marauder  
  90  9:50  Marine x2  
  90  9:51  Marauder x2, Marine  
  97  9:53  Orbital Command  
  97  10:08  Marine x3  
  97  10:12  Marauder x2  
  104  10:22  Missile Turret  
  104  10:25  SCV x2  
  104  10:26  Marine  
  108  10:28  SCV  
  108  10:31  Missile Turret  
  108  10:32  Missile Turret  
  108  10:34  Marauder x2  
  112  10:37  SCV x2  
  112  10:39  Armory  
  112  10:40  SCV  
  112  10:41  Refinery  
  112  10:42  Refinery, Medivac  
  117  10:49  Widow Mine  
  119  10:57  Marauder x2, Marine x2  
  125  11:14  Marine  
  125  11:18  Marine x2  
  125  11:35  Marine  
  125  11:36  Marine  
  125  11:46  Marauder  
  125  11:47  Medivac  
  125  11:49  Marine  
  125  11:50  Marauder  
  125  11:53  Marine  
  120  11:54  Marine  
  112  12:06  Marine  
  112  12:07  Marauder  
  100  12:10  Marine  
  100  12:11  Marauder  
  100  12:12  Marine  
  98  12:17  SCV x2  
  98  12:18  SCV, Command Center  
  88  12:24  Marine  
  88  12:28  Starport Reactor, Marine  
  88  12:29  Starport, Marauder  
  83  12:30  Starport, Marine, Terran Ship Weapons Level 1  
  83  12:32  Starport, Terran Infantry Weapons Level 2  
  83  12:33  Marauder  
  80  12:39  SCV x3  
  80  12:42  Marine  
  82  12:46  Marine  
  82  12:50  Marauder  
  85  12:54  Marauder  
  85  12:58  SCV x3  
  89  13:05  Viking x2  
  94  13:06  Viking  
  94  13:10  SCV x2  
  94  13:12  Marauder  
  100  13:16  Marauder  
  100  13:17  Starport Reactor  
  102  13:26  Marine x2  
  104  13:33  Marauder  
  106  13:35  Viking x2  
  106  13:36  Viking  
  106  13:37  Marauder  
  106  13:39  Viking  
  104  13:44  Marine x2  
  103  13:54  Marauder  
  103  13:55  Viking x2  
  105  14:05  Viking  
  94  14:10  Marine  
  94  14:11  Marauder, Marine  
  94  14:16  Marauder  
  100  14:28  Marine x2  
  100  14:31  Viking x4  
  101  14:32  Marauder  
  101  14:37  Marauder  
Show
View Real Time Build Order
Export as new Build Order

qqq Zerg - Winner!

Build Orders: Hatch First, Brood Lord Corruptor 

Get SALT Encoding   

  12  0:00  Drone  
  13  0:18  Overlord  
  13  0:24  Drone  
  14  0:43  Drone  
  14  0:49  Hatchery  
  14  0:52  Drone  
  15  0:57  Drone  
  15  1:01  Drone  
  17  1:10  Drone  
  18  1:18  Extractor  
  18  1:24  Spawning Pool  
  16  1:26  Drone  
  17  1:36  Drone  
  18  1:41  Drone  
  19  1:49  Drone  
  20  2:04  Drone  
  20  2:05  Drone  
  22  2:11  Queen x2  
  26  2:22  Drone  
  27  2:25  Zergling x2  
  27  2:26  Overlord  
  27  2:28  Metabolic Boost  
  28  2:34  Overlord  
  28  2:40  Extractor  
  28  2:41  Zergling x2  
  28  2:44  Zergling x2  
  28  2:45  Zergling x2  
  28  2:47  Zergling x2  
  31  2:53  Zergling x2  
  31  2:57  Zergling x2  
  33  3:03  Zergling x2  
  35  3:05  Zergling x2  
  35  3:15  Zergling x2  
  35  3:17  Zergling x2  
  37  3:26  Zergling x2  
  37  3:27  Overlord  
  38  3:28  Zergling x2  
  38  3:29  Zergling x2  
  38  3:32  Zergling x2  
  38  3:33  Zergling x4  
  43  3:39  Lair  
  43  3:46  Zergling x4  
  44  4:07  Zergling x8  
  44  4:08  Drone x3, Zergling x2  
  50  4:17  Zergling x2  
  50  4:18  Zergling x2  
  50  4:29  Zergling x4  
  49  4:38  Drone x2  
  51  4:45  Drone  
  51  4:46  Spire  
  51  4:48  Hatchery  
  51  4:52  Drone  
  50  4:53  Extractor  
  50  4:55  Drone  
  48  5:09  Drone x3  
  50  5:18  Drone x2  
  50  5:20  Overlord x2  
  49  5:41  Drone x5  
  45  5:53  Drone  
  45  5:54  Drone x4  
  46  6:00  Extractor  
  46  6:01  Queen  
  47  6:05  Extractor  
  46  6:16  Drone, Mutalisk  
  46  6:17  Drone, Mutalisk x2  
  54  6:19  Mutalisk  
  56  6:36  Drone x4, Overlord, Infestation Pit  
  56  6:37  Drone x3  
  56  6:38  Drone x2  
  64  6:44  Mutalisk  
  64  6:45  Drone  
  64  6:46  Drone  
  68  6:48  Spine Crawler  
  68  6:51  Spine Crawler  
  68  6:53  Spine Crawler  
  65  6:58  Drone, Spine Crawler  
  65  7:01  Zerg Flyer Weapons Level 1  
  65  7:03  Mutalisk  
  65  7:06  Drone  
  65  7:07  Drone  
  69  7:19  Mutalisk  
  69  7:22  Hatchery, Mutalisk  
  70  7:28  Drone x3  
  75  7:53  Mutalisk x3  
  75  7:54  Drone  
  82  7:58  Overlord x2  
  82  7:59  Overlord x3  
  82  8:01  Hive  
  76  8:54  Drone x2  
  76  8:55  Drone x7  
  80  8:56  Drone x3  
  80  9:01  Drone x6  
  80  9:02  Drone x3, Queen  
  95  9:14  Extractor  
  95  9:15  Extractor  
  93  9:20  Viper  
  93  9:22  Mutalisk, Viper  
  93  9:23  Drone x3, Extractor  
  103  9:26  Greater Spire  
  103  9:28  Extractor  
  102  9:36  Hatchery  
  99  9:42  Corruptor  
  99  9:43  Corruptor x4  
  107  9:58  Mutalisk x2  
  111  10:00  Spine Crawler  
  111  10:01  Spine Crawler  
  111  10:04  Drone x2  
  111  10:05  Drone, Spine Crawler  
  111  10:18  Corruptor x2  
  111  10:19  Corruptor  
  111  10:20  Baneling Nest  
  111  10:21  Drone x4, Zergling x2  
  118  10:22  Zergling x14  
  128  10:40  Overlord x3  
  128  10:41  Overlord x7  
  128  10:42  Overlord x3  
  128  10:53  Drone  
  128  10:54  Drone x2  
  131  10:58  Overlord x3  
  131  11:09  Brood Lord x7  
  143  11:27  Spine Crawler  
  143  11:28  Spine Crawler  
  143  11:30  Spine Crawler x2  
  143  11:32  Spine Crawler, Mutalisk x2  
  138  11:33  Mutalisk x3  
  148  11:41  Corruptor  
  148  11:42  Corruptor  
  148  11:43  Drone x3  
  148  11:44  Drone x7  
  143  12:13  Zerg Flyer Armor Level 1  
  140  12:17  Mutalisk x2, Corruptor x2  
  140  12:18  Drone  
  140  12:19  Drone, Zergling x10  
  155  12:35  Corruptor x4  
  155  12:36  Drone x3, Zergling x4  
  162  12:37  Zergling x14  
  163  12:48  Zergling x4  
  163  12:49  Zergling x4  
  160  12:59  Zergling x6  
  160  13:02  Brood Lord x4  
  160  13:04  Drone x2, Zergling x8  
  177  13:22  Mutalisk x4  
  184  13:31  Zergling x8  
  184  13:32  Zergling x6  
  187  13:56  Brood Lord x3  
  187  13:57  Brood Lord x2, Overlord  
  187  13:58  Corruptor  
  191  14:12  Mutalisk x3  
  191  14:14  Zergling x6  
  200  14:21  Viper  
Show
View Real Time Build Order
Export as new Build Order

Massa Terran - Winner!

Build Orders: Reaper Expand 

Get SALT Encoding   

  12  0:00  SCV  
  13  0:12  SCV  
  14  0:20  Supply Depot  
  14  0:24  SCV  
  15  0:40  Refinery  
  15  0:42  SCV  
  16  0:45  Barracks  
  16  0:54  SCV  
  17  1:07  SCV  
  18  1:19  SCV  
  19  1:32  Orbital Command  
  19  1:33  Reaper  
  20  1:42  Command Center  
  20  1:57  Supply Depot  
  20  2:00  SCV  
  21  2:10  Marine  
  21  2:14  SCV  
  23  2:27  SCV  
  23  2:28  Factory  
  24  2:34  Barracks Reactor  
  24  2:41  SCV  
  25  2:53  SCV  
  25  2:54  Command Center  
  25  2:55  Orbital Command  
  26  3:02  Refinery  
  26  3:06  SCV  
  26  3:10  Marine x2  
  29  3:19  Hellion  
  31  3:22  SCV x2  
  33  3:32  Supply Depot  
  33  3:33  Engineering Bay  
  33  3:34  SCV  
  34  3:46  Barracks Tech Lab  
  34  4:06  Marine  
  34  4:07  Stimpack  
  34  4:09  Hellion x2  
  39  4:30  Hellion x2  
  43  4:50  Marine  
  40  4:54  SCV, Hellion x2  
  40  4:55  SCV  
  40  4:57  SCV  
  47  5:05  Barracks  
  47  5:06  Barracks  
  47  5:07  SCV x2, Barracks, Marine  
  48  5:09  SCV  
  48  5:11  Refinery  
  48  5:13  Refinery, Terran Infantry Weapons Level 1  
  51  5:16  Armory  
  51  5:19  SCV x2, Barracks  
  53  5:21  SCV  
  53  5:25  Supply Depot  
  53  5:26  Supply Depot  
  53  5:28  Widow Mine x2  
  58  5:44  Marauder  
  58  5:49  Widow Mine x2, SCV x3  
  67  5:56  Barracks Tech Lab x2  
  67  5:57  Barracks Reactor  
  67  5:58  Combat Shield  
  67  6:01  SCV x2  
  69  6:06  Marauder  
  69  6:11  Widow Mine x2  
  74  6:32  Widow Mine x2  
  78  6:33  SCV x2  
  80  6:41  Barracks Tech Lab  
  80  6:43  Terran Vehicle And Ship Armor Level 1  
  80  6:45  SCV x2  
  82  6:47  Engineering Bay  
  82  6:49  Starport  
  82  6:52  Concussive Shells  
  84  6:54  Marauder  
  84  6:55  Marine  
  85  7:03  Supply Depot x2  
  85  7:04  Orbital Command  
  85  7:05  Supply Depot  
  85  7:07  Terran Infantry Armor Level 1  
  85  7:17  Refinery x2  
  85  7:24  SCV, Marine x2  
  85  7:25  SCV, Marauder x3  
  85  7:29  Supply Depot  
  92  7:30  Orbital Command  
  92  7:36  SCV  
  93  7:37  SCV  
  93  7:42  Marine  
  95  7:44  Widow Mine x2  
  95  7:46  Marauder x3  
  95  7:47  Marauder  
  95  7:48  Marine  
  108  7:58  SCV x3  
  111  8:00  Marine, Missile Turret  
  112  8:06  Widow Mine x2, Marine  
  117  8:15  Supply Depot  
  117  8:16  Starport Reactor, Supply Depot  
  117  8:17  Terran Infantry Weapons Level 2, Supply Depot  
  117  8:18  Supply Depot x2  
  117  8:20  Supply Depot  
  117  8:21  Marine, Missile Turret  
  117  8:22  Refinery, SCV  
  117  8:36  SCV x2, Marauder x3  
  117  8:38  Marine x2  
  117  8:40  Marauder, Supply Depot x2  
  129  8:43  Supply Depot  
  129  8:45  Terran Vehicle And Ship Armor Level 2, Barracks  
  129  8:46  Factory Tech Lab  
  129  8:47  Supply Depot  
  129  8:50  SCV x3  
  132  8:55  Marine  
  132  8:58  Marauder  
  132  9:02  SCV x2  
  93  9:48  Marauder x4, Marine  
  93  9:49  Marine  
  93  9:50  Siege Tank  
  106  10:06  Marine, Missile Turret  
  106  10:07  Marine  
  107  10:08  Medivac x2  
  107  10:09  Marauder  
  107  10:10  Terran Infantry Armor Level 2  
  114  10:22  Siege Tank  
  114  10:23  Command Center  
  114  10:27  Sensor Tower  
  117  10:33  Marauder x2  
  117  10:34  Marauder x2  
  117  10:35  Terran Infantry Weapons Level 3  
  125  10:38  Medivac x2  
  125  10:40  Ghost Academy  
  129  10:55  Marauder x3  
  135  11:01  Terran Vehicle Weapons Level 1  
  135  11:08  Medivac x2  
  137  11:17  Marauder x2, Marine  
  137  11:18  Marauder x2, Marine  
  104  11:59  Command Center  
  87  12:06  Marauder  
  87  12:07  Marauder x3, Marine x2  
  69  12:20  Siege Tank  
  64  12:24  Marine  
  64  12:25  Marine  
  64  12:27  Smart Servos  
  64  12:28  Marauder x4  
  70  12:34  Planetary Fortress  
  70  12:37  Barracks x2  
  70  12:42  Marine  
  70  12:43  Marine  
  72  12:49  Marauder, Marine  
  72  12:50  Marauder x2  
  79  12:52  Siege Tank  
  79  12:57  Command Center  
  80  13:00  Marine  
  81  13:08  Marauder  
  81  13:09  SCV  
  81  13:11  Marauder  
  86  13:13  Orbital Command  
  86  13:15  Marauder x2, Marine  
  91  13:21  SCV  
  91  13:24  Siege Tank  
  95  13:28  Marine  
  95  13:29  Marauder  
  95  13:32  Marauder  
  95  13:33  SCV, Marine  
  102  13:36  Marauder x2  
  104  13:45  SCV  
  104  13:46  Marine  
  105  13:50  Marine  
  106  13:56  Siege Tank  
  106  13:57  SCV  
  110  14:02  Medivac x2  
  114  14:28  Siege Tank  
  117  14:32  Medivac x2  
  121  14:45  Marine x2  
Tags
 
Add a new tag
Caveats
  • Supply blocks, unpowered buildings, or Contaminate may cause inaccurate times.
  • Supply counts are checked every 10 seconds.